 Dungeon Crawl Stone Soup version 0.29-a0-878-g7b45a56547 (webtiles) character file.

Game seed: 227012154156182475

65 Locuples the Sneak (level 3, 0/28 HPs)
             Began as a Demonspawn Brigand on July 20, 2022.
             Slain by a worm (8 damage)
             ... on level 2 of the Dungeon.
             The game lasted 00:03:51 (1298 turns).

Locuples the Sneak (Demonspawn Brigand)             Turns: 1298, Time: 00:03:51

Health: 0/28       AC:  3    Str: 11    XL:     3   Next: 94%
Magic:  3/3        EV: 12    Int: 12    God:
Gold:   100        SH:  0    Dex: 16    Spells: 2/2 levels left

rFire   . . .      SeeInvis .   a - +2 dagger
rCold   . . .      Faith    .   (no shield)
rNeg    . . .      Spirit   .   b - +0 robe
rPois   .          Reflect  .   (helmet restricted)
rElec   .          Harm     .   c - +0 cloak
rCorr   .          Rampage  .   (no gloves)
Will    .....                   (no boots)
Stlth   +++.......              (no amulet)
HPRegen 0.09/turn               (no ring)
MPRegen 0.08/turn               (no ring)

@: no status effects
A: antennae 1, weakness stinger 1
a: no special abilities


You were on level 2 of the Dungeon.
You visited 1 branch of the dungeon, and saw 2 of its levels.

You collected 100 gold pieces.

Inventory:

Hand Weapons
 a - a +2 dagger (weapon)
Missiles
 d - 9 poisoned darts (quivered)
 e - 3 curare-tipped darts
Armour
 b - a +0 robe (worn)
 c - a +0 cloak (worn)
 i - a +0 leather armour
Scrolls
 g - a scroll of summoning {unknown}
 j - a scroll of identify {unknown}
 l - a scroll of immolation {unknown}
 o - a scroll of poison {unknown}
 q - a scroll of teleportation {unknown}
Potions
 f - 2 potions of ambrosia {unknown}
 h - a potion of attraction {unknown}
 k - a potion of flight {unknown}
 m - a potion of brilliance {unknown}
 n - 2 potions of curing {unknown}
 p - a potion of might {unknown}


   Skills:
 + Level 2.5 Fighting
 * Level 2.4 Short Blades
 - Level 1.7 Throwing
 + Level 1.0 Dodging
 * Level 4.6 Stealth


You had 2 spell levels left.
You didn't know any spells.
Your spell library was empty.

Dungeon Overview and Level Annotations

Branches:
Dungeon (2/15)

Altars:


Innate Abilities, Weirdness & Mutations

You have a pair of small antennae on your head.
You have a small tail.


Message History

You hit the rat but do no damage. The rat barely misses you.
You barely miss the rat. The rat bites you but does no damage.
You hit the rat.
You kill the rat!
You see here a rat corpse.
HP restored.
A worm comes into view.
A dart slug comes into view.
The worm bites you.
You hit the worm.
The worm is lightly wounded.
You hit the worm.
The worm is moderately wounded.
The worm bites you!
You hit the worm but do no damage.
The worm is lightly wounded.
You hit the worm.
The worm is moderately wounded.
The worm closely misses you.
You barely miss the worm.
The worm is moderately wounded.
You barely miss the worm.
The worm is moderately wounded.
The worm bites you.
You hit the worm.
The worm is moderately wounded.
You hit the worm.
You tail-slap the worm, but do no damage.
The worm is heavily wounded.
The worm closely misses you.
You hit the worm.
The worm is severely wounded.
You hit the worm.
The worm is severely wounded.
The worm bites you!
* * * LOW HITPOINT WARNING * * *
You hit the worm.
The worm is almost dead.
The worm bites you!
You die...

####### #.w..w#
########### ### #@#
#.........# ..? #.#
#.........# #.###.#
#.........###
#.....####.........##.
###.####...........##.
#.# #>#.........##.
.#.# #.#.........##.
#.#.# #.#.........##.
.. #.#.#
#.#.........##.


You could see a worm and a dart slug (asleep).

Vanquished Creatures
  2 adders (D:2)
  2 worms (D:2)
  A dart slug (D:2)
  7 ball pythons
  5 bats
  2 endoplasms
  2 hobgoblins (D:2)
  2 jackals (D:1)
  A quokka (D:2)
  5 frilled lizards
  3 goblins (D:1)
  2 kobolds (D:1)
  7 rats
41 creatures vanquished.

Notes
Turn   | Place    | Note
-------+----------+-------------------------------------------
     0 | D:1      | Locuples the Demonspawn Brigand began the quest for the
                  | Orb.
     0 | D:1      | Reached XP level 1. HP: 16/16 MP: 1/1
    66 | D:1      | Discovered your monstrous ancestry.
    66 | D:1      | Gained mutation: You have a small tail. [demonic ancestry]
    66 | D:1      | Reached XP level 2. HP: 18/23 MP: 2/2
   319 | D:1      | Reached skill level 4 in Stealth
   446 | D:1      | Found a faded altar of an unknown god.
   695 | D:2      | Gained mutation: You have a pair of small antennae on your
                  | head. [demonic ancestry]
   695 | D:2      | Reached XP level 3. HP: 28/28 MP: 3/3
  1025 | D:2      | Reached skill level 1 in Dodging
  1298 | D:2      | Slain by a worm

Illustrated notes

Levels and vault maps discovered:
D:1:      heliophobic_arrival_ceremonial_halls, layout_rooms,
          hellmonk_ecumenical_altar_zigzags, minmay_domino_2
D:2:      layout_loops_ring

Skill      XL: |  1  2  3 |
---------------+----------+-----
Stealth        | 4 |  4.6
Short Blades   | 2 |  2.4
Dodging        | 1 |  1.0
Fighting       | |  2.5
Throwing       | |  1.7

Action                   || total
-------------------------++-------
Melee: Dagger            ||   110
       Tailslap          ||    11
 Stab: Sleeping          ||     8
Armor: Robe              ||    26
Dodge: Dodged            ||    54

Table legend: (Time is in decaauts)
 A = Elapsed time spent in this place.
 B = Non-inter-level travel time spent in this place.
 C = Inter-level travel time spent in this place.
 D = Time resting spent in this place.
 E = Time spent auto-exploring this place.
 F = Levels seen in this place.
 G = Mean time per level.
                   A        B        C        D        E       F      G
               +--------+--------+--------+--------+--------+-----+--------+
         Total |   1286 |   1286 |      0 |     59 |    817 |   2 |  643.0 |
       Dungeon |   1286 |   1286 |      0 |     59 |    817 |   2 |  643.0 |
               +--------+--------+--------+--------+--------+-----+--------+

Top non-repeatable levels by time:
     D:2: 665 daAuts
     D:1: 621 daAuts
